 Dungeon Crawl Stone Soup version 0.22.1-2-g9c5b331 (webtiles) character file.

1190 diana the Covert (level 8, -1/54 HPs)
             Began as an Octopode Assassin on Dec 27, 2018.
             Slain by a jackal (3 damage)
             ... on level 5 of the Dungeon.
             The game lasted 00:06:19 (3884 turns).

diana the Covert (Octopode Assassin)                Turns: 3884, Time: 00:06:20

Health: -1/54      AC:  1    Str: 10    XL:     8   Next: 43%
Magic:  8/8        EV: 15    Int: 14    God:
Gold:   303        SH:  0    Dex: 15    Spells: 4/7 levels left

rFire    . . .     SeeInvis .   a - +2 dagger
rCold    . . .     Gourm    .   (no shield)
rNeg     . . .     Faith    .   (helmet restricted)
rPois    .         Spirit   .   (no amulet)
rElec    .         Reflect  .   s - ring of stealth
rCorr    .         Harm     .   (no ring)
MR       .....                  (no ring)
Stlth    ++++++....             (no ring)
HPRegen  0.18/turn              (no ring)
MPRegen  0.11/turn              (no ring)
                                (no ring)
                                (no ring)

@: no status effects
A: almost no armour, stealthy swim, amphibious, 8 rings, constrict 8, camouflage
1, gelatinous body 1
a: no special abilities


You were on level 5 of the Dungeon.
You were not hungry.

You visited 1 branch of the dungeon, and saw 6 of its levels.

You collected 303 gold pieces.

Inventory:

Hand Weapons
 a - a +2 dagger (weapon)
 b - a +0 blowgun
Missiles
 c - 58 poisoned needles
 d - 2 curare-tipped needles
Armour
 l - a cursed +0 shield
Jewellery
 s - a ring of stealth (left tentacle)
Wands
 e - a wand of flame (38)
 w - a wand of clouds (6)
Scrolls
 g - 5 scrolls of teleportation
 h - a scroll of magic mapping {unknown}
 i - 3 scrolls of remove curse {unknown}
 j - 3 scrolls of identify {unknown}
 k - a scroll of fog {unknown}
 n - 2 scrolls of enchant armour {unknown}
 q - a scroll of blinking {unknown}
 t - 3 scrolls of immolation {unknown}
 v - a scroll of enchant weapon {unknown}
Potions
 m - 2 potions of invisibility {unknown}
 o - a potion of might {unknown}
 p - a potion of degeneration {unknown}
 r - a potion of lignification {unknown}
 u - a potion of ambrosia {unknown}
Comestibles
 f - 7 rations


   Skills:
 + Level 4.8 Fighting
 + Level 4.7 Short Blades
 - Level 2.0 Throwing
 + Level 4.3 Dodging
 * Level 10.2 Stealth


You had 4 spell levels left.
You knew the following spells:

 Your Spells              Type           Power        Failure   Level  Hunger
a - Dazzling Spray        Conj/Hex       #.....       65%         3    ####...

Your spell library contained the following spells:

 Spells                   Type           Power        Failure   Level  Hunger
 Beastly Appendage        Tmut           #.....       28%         1    ##.....
 Magic Dart               Conj           #...         28%         1    ##.....
 Searing Ray              Conj           #.....       41%         2    ###....
 Sticks to Snakes         Tmut           #.......     41%         2    ###....
 Spider Form              Tmut/Pois      #.........   65%         3    ####...
 Force Lance              Conj/Tloc      #.......     96%         4    #####..
 Fulminant Prism          Conj/Hex       #.........   96%         4    #####..
 Ice Form                 Ice/Tmut       #.......     96%         4    #####..
 Iskenderun's Mystic Bla  Conj           #.......     96%         4    #####..
 Blade Hands              Tmut           #.........   100%        5    ######.


Dungeon Overview and Level Annotations

Branches:
Dungeon (6/15)
 Temple: D:4-7

Altars:
Hepliaklqana
Qazlal
Trog
Xom
The Shining One

Annotations:
D:5 1 runed door, raph's ghost, novice DrCj


Innate Abilities, Weirdness & Mutations

You cannot wear most types of armour.
You are very stealthy in the water. (Stealth+)
You are amphibious.
You can wear up to eight rings at the same time.
You can use your tentacles to constrict eight enemies at once.
Your skin changes colour to match your surroundings (Stealth+).
Your rubbery body absorbs attacks. (AC +1, EV +1)


Message History

The magic dart hits you! The orc completely misses you.
The orc shouts!
Found a scroll labeled WOXZEI VAUSHO OXAK.
As you read the scroll of teleportation, it crumbles to dust.
You feel strangely unstable.
A crimson imp comes into view.
The gnoll closely misses you. The orc misses you.
You hear some strange, mumbled words.
Something tries to affect you, but you resist.
The gnoll zaps a wand.
The puff of flame hits you!
* * * LOW HITPOINT WARNING * * *
It is a wand of flame (17).
The gnoll zaps a wand.
The puff of flame hits you!
* * * LOW HITPOINT WARNING * * *
Okay, then.
Your surroundings suddenly seem different.
A jackal comes into view.
There is a stone staircase leading up here.
The jackal bites you.
You die...

#..W.. #.# #. #[≈≈≈≈
#.# #.# #....W #.#
#.# ###### # #.# #
#.# #.###.# #.##.###
....# ..... .. #..#
##.## #..###
....###..#####..@##.#
#.....
#...............h...#
#.####
######.###......####
#.##h.#....... #.####
#.##....#.#### #.....
#h##....#.# #.####
#######.##..#<#.# #..
......O.##....#.# #.#
##########..###.# #


You could see 2 jackals.

Vanquished Creatures
  Grinder (D:6)
  3 ogres
  2 bullfrogs (D:6)
  A scorpion (D:5)
  3 crimson imps
  2 hounds
  A jelly (D:4)
  Crazy Yiuf (D:4)
  Ijyb (D:4)
  An iguana (D:4)
  An orc wizard (D:5)
  A worker ant (D:4)
  A hound zombie (D:5)
  A worker ant zombie (D:6)
  3 gnolls
  9 adders
  2 oozes
  An adder skeleton (D:6)
  3 worms
  2 dart slugs
  6 leopard geckos
  4 orcs
  2 ball pythons
  3 giant cockroaches
  8 goblins
  6 hobgoblins
  11 jackals
  6 kobolds
  2 quokkas
  5 bats
  6 frilled lizards
  7 rats
106 creatures vanquished.

Notes
Turn   | Place    | Note
-------+----------+-------------------------------------------
     0 | D:1      | diana the Octopode Assassin began the quest for the Orb.
     0 | D:1      | Reached XP level 1. HP: 14/14 MP: 1/1
   143 | D:1      | Reached XP level 2. HP: 19/19 MP: 2/2
   414 | D:1      | Reached XP level 3. HP: 24/24 MP: 3/3
   561 | D:2      | Reached skill level 6 in Stealth
   686 | D:2      | Reached XP level 4. HP: 30/30 MP: 4/4
  1645 | D:3      | Reached XP level 5. HP: 25/36 MP: 5/5
  1696 | D:3      | Found a shimmering altar of Xom.
  1697 | D:3      | Found a hazy altar of Hepliaklqana.
  1697 | D:3      | Noticed a tentacled monstrosity
  1698 | D:3      | Noticed a tentacled monstrosity
  1698 | D:3      | Noticed a spectral ugly thing
  1981 | D:3      | Found a stormy altar of Qazlal.
  2040 | D:3      | Reached skill level 7 in Stealth
  2280 | D:4      | Learned a level 3 spell: Dazzling Spray
  2313 | D:4      | Reached XP level 6. HP: 40/42 MP: 6/6
  2354 | D:4      | Found a runed door.
  2622 | D:4      | Noticed Ijyb
  2625 | D:4      | Killed Ijyb
  2625 | D:4      | Reached skill level 8 in Stealth
  2805 | D:4      | Noticed Crazy Yiuf
  2809 | D:4      | Killed Crazy Yiuf
  2835 | D:5      | Entered Level 5 of the Dungeon
  2900 | D:5      | HP: 1/42 [something/puff of flame (12)]
  2904 | D:5      | Reached XP level 7. HP: 24/46 MP: 7/7
  3443 | D:5      | Found a bloodstained altar of Trog.
  3567 | D:5      | Found a runed door.
  3572 | D:5      | Noticed raph's ghost (novice DrCj)
  3610 | D:5      | Found a glowing golden altar of the Shining One.
  3628 | D:5      | Noticed a hippogriff
  3672 | D:6      | Reached skill level 9 in Stealth
  3747 | D:6      | Noticed Grinder
  3754 | D:6      | Killed Grinder
  3754 | D:6      | Reached XP level 8. HP: 54/54 MP: 8/8
  3758 | D:6      | Reached skill level 10 in Stealth
  3881 | D:5      | HP: 1/54 [gnoll/wand of flame (17) (10)]
  3884 | D:5      | Slain by a jackal

Skill      XL: |  1  2  3  4  5  6  7  8 |
---------------+-------------------------+-----
Stealth        | 6 7 8 9 10 | 10.2
Dodging        | 2 3 4 |  4.3
Fighting       | 3 4 |  4.8
Short Blades   | 3 4 |  4.7
Throwing       | |  2.0

Action                   |  1- 3 |  4- 6 |  7- 9 || total
-------------------------+-------+-------+-------++-------
Melee: Dagger            |    45 |   111 |    56 ||   212
       Constrict         |     7 |    22 |    11 ||    40
       Tentacles         |     4 |    14 |    12 ||    30
  Use: Potion            |       |     4 |       ||     4
       Scroll            |       |       |     2 ||     2
 Stab: Sleeping          |    18 |    25 |    14 ||    57
       Distracted        |       |       |     1 ||     1
  Eat: Chunk             |       |     6 |       ||     6
       Ration            |       |       |     1 ||     1
Armor: Skin              |       |     6 |       ||     6
Dodge: Dodged            |    12 |    62 |    27 ||   101
